 Dungeon Crawl Stone Soup version 0.27-a0-1256-gced786f65e (console) character file.

Game seed: 9731160222035383393

1661 jejorda2 the Carver (level 9, -2/103 HPs)
             Began as a Merfolk Berserker on June 10, 2021.
             Was an Elder of Trog.
             Succumbed to a hornet's poison
             ... on level 7 of the Dungeon.
             The game lasted 00:11:47 (8062 turns).

jejorda2 the Carver (Merfolk Berserker)             Turns: 8062, Time: 00:11:48

Health: -2/103     AC: 24    Str: 20    XL:     9   Next: 0%
Magic:  0/9        EV:  2    Int:  6    God:    Trog [****..]
Gold:   276        SH:  5    Dex: 14    Spells: 8/8 levels left

rFire    . . .     SeeInvis .   a - +0 falchion
rCold    . . .     Faith    .   b - +0 buckler
rNeg     + + +     Spirit   +   (armour currently unavailable)
rPois    +         Reflect  .   (helmet currently unavailable)
rElec    .         Harm     .   (cloak currently unavailable)
rCorr    .         Rampage  .   (gloves currently unavailable)
Will     +....     NoTele   +   (boots currently unavailable)
Stlth    +.........             o - amulet of guardian spirit
HPRegen  0.27/turn              i - ring of willpower
MPRegen  0.11/turn              (no ring)

@: lethally poisoned (-2 -> -12), tree-form, slowed, very slow
A: stationary, stasis, torment immunity, boosted hp, (nimble swimmer 2),
(mertail)
a: Renounce Religion, Berserk, Trog's Hand, Brothers in Arms


You were on level 7 of the Dungeon.
You worshipped Trog.
Trog was greatly pleased with you.
You were a tree.
You visited 1 branch of the dungeon, and saw 7 of its levels.

You collected 367 gold pieces.
You spent 91 gold pieces at shops.

Inventory:

Hand Weapons
 a - a +0 falchion (weapon)
 c - a +0 flail
Missiles
 n - 34 poisoned darts (quivered)
 r - 3 boomerangs
Armour
 b - a +0 buckler (worn)
 f - a +1 kite shield
 p - a +0 plate armour (melded)
Jewellery
 i - a ring of willpower (left branch)
 o - an amulet of guardian spirit (around neck)
Wands
 k - a wand of acid (4)
Scrolls
 e - 3 scrolls of teleportation
 l - a scroll of holy word {unknown}
 m - a scroll of magic mapping
Potions
 d - 2 potions of haste
 g - a potion of degeneration {unknown}
 h - a potion of lignification
 j - a potion of mutation {unknown}
 q - a potion of might {unknown}
 s - a potion of heal wounds {unknown}


   Skills:
 - Level 6.0 Fighting
 * Level 8.4 Long Blades
 + Level 4.0 Armour
 - Level 2.6 Dodging
 - Level 5.0 Shields


You had 8 spell levels left.
You didn't know any spells.
Your spell library was empty.

Dungeon Overview and Level Annotations

Branches:
Dungeon (7/15)             Temple (0/1) D:4

Altars:
Dithmenos
Gozag
Hepliaklqana
Okawaru
Sif Muna
Wu Jian
Xom
The Shining One

Shops:
D:2 *

Annotations:
D:6 2 transporters, robertstho's ghost, novice HOHu


Innate Abilities, Weirdness & Mutations

You are a tree.
Your roots penetrate the ground, keeping you stationary.
You cannot be teleported.
You are immune to unholy pain and torment.
Your maximum health is greatly increased.
Your equipment is partially melded.
((You are quick and stealthy near water. (Stealth+, EV+, Speed+++)))
((Your lower body shifts to a powerful aquatic tail in water.))


Message History

You slash the hornet!
The hornet is moderately wounded.
You feel very sick. The hornet stings you.
You are more poisoned.
You suddenly lose the ability to move!
The hornet stings you!
You feel as though you will be slow longer.
You feel very sick. The hornet stings you!
* * * LOW HITPOINT WARNING * * *
You are lethally poisoned!
You feel as though you will be slow longer.
* * * LOW HITPOINT WARNING * * *
You feel very sick.
The hornet stings you but does no damage.
The hornet stings you.
* * * LOW HITPOINT WARNING * * *
You feel as though you will be slow longer.
You can move again.
Unknown command.
Unknown command.
It was a potion of lignification.
You turn into a tree.
Your +0 plate armour melds into your body.
Your roots penetrate the ground.
* * * LOW HITPOINT WARNING * * *
You feel extremely sick. You block the hornet's attack. x2
You hit the hornet but do no damage.
The hornet is moderately wounded.
* * * LOW HITPOINT WARNING * * *
You feel very sick.
The hornet stings you but does no damage.
The hornet stings you.
Unknown command.
Aiming: Corrosive Bolt
Press: ? - help, Shift-Dir - straight line, f/p - hornet
Aim: a hornet (moderately wounded, 57% to hit)
The bolt of acid hits the hornet!
The hornet is splashed with acid.
The hornet is almost dead.
You die...

## ##.. >#.# # ..
#..# #...... (.
.##..#........
⌠..#.#..#........
......#........
.............
#........#
#.##..#.###
#.y♣....... #.
#.##..#.####
#.##...........
...#.....#.....
............###
......##....####
#.#..............
#................
#.####.##.#..####


You could see a hornet.

Vanquished Creatures
  2 water moccasins
  A sky beast (D:7)
  An orc warrior (D:4)
  A black bear (D:5)
  A hornet zombie (D:7)
  A necrophage (D:6)
  3 ogres (D:5)
  A phantom (D:4)
  A scorpion (D:5)
  A vampire bat (D:5)
  2 bullfrog zombies (D:6)
  2 orc priests
  A gnoll shaman (D:7)
  2 iguanas
  2 orc wizards (D:4)
  A hound zombie (D:5)
  A gnoll (D:4)
  A howler monkey skeleton (D:7)
  11 adders
  A shadow imp (D:7)
  3 white imps
  An ufetubus (D:5)
  2 dart slugs (D:1)
  20 orcs
  12 endoplasms
  A giant cockroach (D:3)
  5 goblins
  7 hobgoblins
  8 jackals
  11 kobolds
  6 quokkas
  10 ball pythons
  13 bats
  A frilled lizard (D:2)
  10 rats
147 creatures vanquished.

Vanquished Creatures (others)
  3 fungi (D:7)
  4 toadstools (D:7)
7 creatures vanquished.

Grand Total: 154 creatures vanquished

Notes
Turn   | Place    | Note
-------+----------+-------------------------------------------
     0 | D:1      | jejorda2 the Merfolk Berserker began the quest for the Orb.
     0 | D:1      | Reached XP level 1. HP: 18/18 MP: 1/1
   219 | D:1      | Reached XP level 2. HP: 11/24 MP: 2/2
   569 | D:1      | Found a faded altar of an unknown god.
   892 | D:1      | Reached XP level 3. HP: 29/29 MP: 3/3
   945 | D:1      | Reached skill level 4 in Long Blades
  1395 | D:2      | Found Tunaalesob's General Store.
  1857 | D:2      | Reached ** piety under Trog
  1858 | D:2      | Reached skill level 1 in Shields
  1919 | D:2      | Reached XP level 4. HP: 23/37 MP: 4/4
  2938 | D:3      | Reached XP level 5. HP: 42/42 MP: 5/5
  3441 | D:2      | Bought a scroll of magic mapping for 49 gold pieces
  3900 | D:4      | Found a staircase to the Ecumenical Temple.
  3930 | D:4      | Noticed an orc warrior
  3946 | D:4      | Killed an orc warrior
  3947 | D:4      | Reached skill level 5 in Long Blades
  3947 | D:4      | Reached XP level 6. HP: 48/48 MP: 3/6
  4101 | D:4      | Reached *** piety under Trog
  4187 | D:4      | Noticed a water moccasin
  4205 | D:4      | Killed a water moccasin
  4206 | D:4      | Reached XP level 7. HP: 55/55 MP: 5/7
  4418 | D:2      | Bought a scroll of teleportation for 42 gold pieces
  4800 | D:4      | Found an iron altar of Okawaru.
  5258 | D:5      | Entered Level 5 of the Dungeon
  5448 | D:5      | Reached skill level 6 in Long Blades
  5748 | D:5      | Reached skill level 5 in Fighting
  5791 | D:5      | Reached XP level 8. HP: 47/62 MP: 6/8
  6045 | D:5      | Found a shadowy altar of Dithmenos.
  6316 | D:5      | Found a hazy altar of Hepliaklqana.
  6338 | D:5      | Found a glowing golden altar of the Shining One.
  6406 | D:5      | Found a shimmering blue altar of Sif Muna.
  6410 | D:5      | Reached skill level 5 in Shields
  6468 | D:5      | Reached **** piety under Trog
  6469 | D:5      | Reached skill level 7 in Long Blades
  6834 | D:6      | Found a shimmering altar of Xom.
  6924 | D:6      | Found an ornate altar of the Wu Jian Council.
  7364 | D:6      | Found an opulent altar of Gozag.
  7446 | D:6      | Found a transporter.
  7447 | D:6      | Found a transporter.
  7447 | D:6      | Noticed robertstho's ghost (novice HOHu)
  7463 | D:6      | Noticed a hornet
  7622 | D:7      | Reached skill level 8 in Long Blades
  7998 | D:7      | Reached XP level 9. HP: 60/69 MP: 9/9
  8050 | D:7      | Noticed a hornet
  8057 | D:7      | Paralysed by a hornet for 3 turns
  8060 | D:7      | HP: 5/103 [poisoned by a hornet]
  8061 | D:7      | HP: 1/103 [poisoned by a hornet]
  8062 | D:7      | Succumbed to a hornet's poison

Illustrated notes

Levels and vault maps discovered:
D:1:      psy_arrival_dodecagon, layout_loops_corners,
          chequers_ecumenical_altar_simple_redux, amethyst_killhole
D:2:      minmay_chambers_of_twos, layout_loops_ring, serial_shops,
          nicolae_shop_trees, grunt_ministairs_3
D:3:      minmay_wonky_spiral, layout_loops_ring, kennysheep_nondescript
D:4:      layout_loops_ring, okawaru_altar_gauntlet_db,
          minmay_temple_entry_drinking_statues, minmay_bisected
D:5:      layout_basic, lemuel_doored_altar, nicolae_dithmenos_shadow_blocks,
          marbit_many_paths, lemuel_crystal_altar, minmay_misc_feat_cross,
          roderic_batcave
D:6:      layout_rooms, grunt_gozag_statues, lemuel_round_altar,
          lemuel_tele_altar, gammafunk_ghost_hive
D:7:      layout_basic, lemuel_crystal_altar, zin_angel, serial_aquarium,
          aquarium_bridge_straight [aquarium_subvault_bridge,
          aquarium_subvault_balcony, aquarium_subvault_bridge,
          aquarium_subvault_wall], aquarium_window_fake, aquarium_window_1,
          aquarium_view_2d, aquarium_view_2b, aquarium_pool_1,
          grunt_ministairs_1, nicolae_elemental_shop, minmay_gold_behind_fungi,
          st_stairs_13, minmay_misc_feat_enclosed, minmay_starry_boxes

Skill      XL: |  1  2  3  4  5  6  7  8  9 |
---------------+----------------------------+-----
Long Blades    | 4 5 6 8 |  8.4
Shields        | 1 2 3 4 5 |  5.0
Armour         | 2 3 4 |  4.0
Fighting       | 4 5 6 |  6.0
Dodging        | |  2.6

Action                   |  1- 3 |  4- 6 |  7- 9 || total
-------------------------+-------+-------+-------++-------
Melee: Falchion          |   129 |   178 |   347 ||   654
Throw: Dart              |       |     5 |    26 ||    31
Invok: Berserk           |       |     4 |     3 ||     7
       Trog's Hand       |       |     2 |     1 ||     3
Evoke: Wand              |       |       |     1 ||     1
  Use: Scroll            |       |       |     6 ||     6
       Potion            |       |       |     1 ||     1
Armor: Ring mail         |    27 |       |       ||    27
       Chain mail        |    25 |    58 |       ||    83
       Plate armour      |       |    18 |   159 ||   177
       Skin              |       |       |     1 ||     1
Dodge: Dodged            |    70 |    45 |    73 ||   188
Block: Buckler           |    16 |    28 |    79 ||   123
       Rpst.: Falchion   |    20 |    19 |    26 ||    65

Table legend: (Time is in decaauts)
 A = Elapsed time spent in this place.
 B = Non-inter-level travel time spent in this place.
 C = Inter-level travel time spent in this place.
 D = Time resting spent in this place.
 E = Time spent auto-exploring this place.
 F = Levels seen in this place.
 G = Mean time per level.
                   A        B        C        D        E       F      G
               +--------+--------+--------+--------+--------+-----+--------+
         Total |   8143 |   7556 |    587 |    360 |   5945 |   7 | 1163.3 |
       Dungeon |   8143 |   7556 |    587 |    360 |   5945 |   7 | 1163.3 |
               +--------+--------+--------+--------+--------+-----+--------+

Top non-repeatable levels by time:
     D:2: 1592 daAuts
     D:4: 1579 daAuts
     D:5: 1281 daAuts
     D:1: 1217 daAuts
     D:3: 1109 daAuts
     D:6: 871 daAuts
     D:7: 491 daAuts
